 Dungeon Crawl Stone Soup version 0.32-a0-630-g46d191b0ed (webtiles) character file.

Game seed: 651512751670412688

384 ezpacito the Chopper (level 6, -4/48 HPs)
             Began as a Coglin Chaos Knight on Mar 6, 2024.
             Was a Plaything of Xom.
             Slain by a gnoll sergeant
             ... wielding a +4 spear of venom
              (5 damage)
             ... on level 4 of the Dungeon.
             The game lasted 00:04:38 (2922 turns).

ezpacito the Chopper (Coglin Chaos Knight)          Turns: 2922, Time: 00:04:39

Health: -4/48      AC:  8    Str: 14    XL:     6   Next: 77%
Magic:  8/8        EV: 12    Int: 11    God:    Xom [..*...]
Gold:   252        SH:  0    Dex: 14    Spells: 1/7 levels left

rFire   . . .        a - +0 hand axe (chaos) {Jasleen}
rCold   . . .        g - +0 spear {Conrad}
rNeg    . . .        b - +2 leather armour
rPois   .            d - +0 helmet
rElec   .            (no cloak)
rCorr   .            (no gloves)
SInv    .            p - +1 pair of boots
Will    .....        (amulet unavailable)
Stlth   ++           (ring unavailable)
HPRegen 0.28/turn    (ring unavailable)
MPRegen 0.11/turn    (no gizmo)

%: no passive effects
@: mighty, lethally poisoned (-4 -> -13), attractive, revving
A: off-hand wielding, slow wielding, warmup strikes, no jewellery
a: Invent Gizmo, Renounce Religion


You were on level 4 of the Dungeon.
You worshipped Xom.
You were a toy of Xom.
You visited 2 branches of the dungeon, and saw 5 of its levels.

You collected 252 gold pieces.

Inventory:

Hand Weapons
 a - a +0 hand axe of chaos (weapon) {Jasleen}
 g - a +0 spear (offhand) {Conrad}
Missiles
 n - 11 javelins (quivered)
 r - 2 throwing nets
Armour
 b - a +2 leather armour (worn)
 d - a +0 helmet (worn)
 p - a +1 pair of boots (worn)
Scrolls
 e - a scroll of vulnerability {unknown}
 f - a scroll of teleportation {unknown}
 h - a scroll of enchant armour {unknown}
 i - a scroll of enchant weapon {unknown}
 o - a scroll of blinking {unknown}


   Skills:
 * Level 4.1 Fighting
 * Level 4.1(4.3) Axes
 + Level 1.4(2.8) Polearms
 * Level 3.1 Armour
 * Level 2.4 Dodging
 + Level 1.2 Stealth
 + Level 1.4 Spellcasting
 + Level 0.5 Alchemy


You had one spell level left.
You knew the following spells:

 Your Spells              Type           Power      Damage    Failure   Level
a - Eringya's Noxious Bo  Alch           0%         4d6       100%        6

Your spell library contained the following spells:

 Spells                   Type           Power      Damage    Failure   Level
 Apportation              Tloc           0%         N/A       36%         1
 Jinxbite                 Hex            0%         N/A       50%         2
 Ozocubu's Armour         Ice            0%         N/A       75%         3
 Alistair's Intoxication  Alch           0%         N/A       100%        5
 Borgnjor's Vile Clutch   Necr/Erth      0%         N/A       100%        5
 Metabolic Englaciation   Hex/Ice        0%         N/A       100%        5
 Sculpt Simulacrum        Ice/Alch       0%         N/A       100%        6


Dungeon Overview and Level Annotations

Branches:
Dungeon (4/15)             Temple (1/1) D:4

Altars:
Ashenzari
Dithmenos
Elyvilon
Gozag
Hepliaklqana
Kikubaaqudgha
Makhleb
Nemelex Xobeh
Okawaru
Qazlal
Ru
Sif Muna
Trog
Uskayaw
Vehumet
Wu Jian
Xom
The Shining One


Innate Abilities, Weirdness & Mutations

You can wield a second weapon in your off-hand.
It takes a long time for you to wield or remove held weapons.
Your first few attacks do less damage.
You cannot equip rings or amulets.


Message History

You swap places.
You feel sick.
The gnoll sergeant hits your butterfly with a +4 spear of venom!
Your butterfly dies!
Your butterfly disappears in a burst of colours!
The gnoll sergeant is attracted toward you.
You take 2 damage, and have 27/48 hp.
You feel sick. The gnoll sergeant barely misses you.
The gnoll sergeant is attracted toward you.
You take 2 damage, and have 25/48 hp.
You hit the gnoll sergeant but do no damage.
You hit the gnoll sergeant with your +0 hand axe of chaos.
You feel better.
You feel sick. The gnoll sergeant closely misses you.
You hit the gnoll sergeant but do no damage.
The gnoll sergeant is lightly wounded.
You hit the gnoll sergeant but do no damage.
You feel sick. "Go forth and destroy!"
You feel very mighty all of a sudden.
The gnoll sergeant hits you with a +4 spear of venom!
* * * LOW HITPOINT WARNING * * *
You take 11 damage, and have 14/48 hp.
MASSIVE DAMAGE!!
As you read the scroll labelled LASAOLACAS, it dissolves into smoke.
It was a scroll of fog.
You feel sick.
The gnoll sergeant hits you with a +4 spear of venom.
* * * LOW HITPOINT WARNING * * *
You are lethally poisoned!
You take 6 damage, and have 8/48 hp.
As you read the scroll of fog, it dissolves into smoke.
* * * LOW HITPOINT WARNING * * *
You feel very sick. The gnoll sergeant closely misses you.
You take 4 damage, and have 4/48 hp.
As you read the scroll labelled ACOPLA YVANIMM, it crumbles to dust.
It is a scroll of amnesia.
Okay, then.
* * * LOW HITPOINT WARNING * * *
You feel very sick.
The gnoll sergeant hits you with a +4 spear of venom.
You die...
Xom howls with laughter!

..............###.........#
..).........b.##....#######
..............##....#
.........b.b..'.....#
#.....b..bbbb.###...#
#......)..>...# #...######
#.....b...bb.§# #§.......#
#..........b..###§§......#
.............bbg@bb......#
..........bbbbb§bb§......#
...........bb§bbb§§......#
..........##..bb§§.......#
.....###.###.............#
~~~~~~~#.# #..b.b....^...#
.....#~#.# #....b........#
......~..# #......########
.....b~..#
#......##############


You could see a gnoll sergeant (ally target).

Vanquished Creatures
  2 ogres
  A jelly (D:4)
  An orc priest (D:4)
  Robin (D:2)
  3 gnolls (D:4)
  3 adders (D:4)
  A ribbon worm (D:1)
  4 dart slugs
  4 orcs (D:4)
  3 bats (D:1)
  7 endoplasms
  14 goblins
  6 hobgoblins
  2 jackals (D:2)
  11 kobolds
  3 quokkas
  9 ball pythons
  3 frilled lizards (D:1)
  4 rats
82 creatures vanquished.

Notes
Turn   | Place    | Note
-------+----------+-------------------------------------------
     0 | D:1      | ezpacito the Coglin Chaos Knight began the quest for the
                  | Orb.
     0 | D:1      | Reached XP level 1. HP: 18/18 MP: 1/1
    11 | D:1      | XOM: butterfly on damage
   156 | D:1      | Reached skill level 1 in Dodging
   162 | D:1      | Reached XP level 2. HP: 17/24 MP: 2/2
   537 | D:1      | Reached XP level 3. HP: 29/29 MP: 3/3
   619 | D:1      | Found a faded altar of an unknown god.
   622 | D:1      | XOM: silly message
   956 | D:1      | XOM: divination: detect items
  1114 | D:2      | Noticed Robin
  1136 | D:2      | Noticed an ogre
  1346 | D:2      | Killed an ogre
  1347 | D:2      | Reached XP level 4. HP: 36/36 MP: 4/4
  1347 | D:2      | Reached XP level 5. HP: 41/41 MP: 5/5
  1357 | D:2      | Killed Robin
  1358 | D:2      | Reached skill level 1 in Polearms
  1423 | D:2      | XOM: divination: magic mapping
  2317 | D:3      | XOM: silly message
  2460 | D:4      | Reached skill level 1 in Stealth
  2480 | D:4      | XOM: god gift: 26 gold pieces
  2529 | D:4      | Reached skill level 1 in Spellcasting
  2540 | D:4      | XOM: divination: magic mapping
  2544 | D:4      | Reached XP level 6. HP: 48/48 MP: 7/7
  2618 | D:4      | Found a staircase to the Ecumenical Temple.
  2685 | Temple   | Entered the Ecumenical Temple
  2693 | Temple   | Learned a level 6 spell: Eringya's Noxious Bog
  2742 | D:4      | XOM: 2-stop teleportation journey
  2919 | D:4      | XOM: potion effect (might)
  2922 | D:4      | HP: 1/48 [poisoned by a gnoll sergeant]
  2922 | D:4      | Slain by a gnoll sergeant

Illustrated notes

Levels and vault maps discovered:
D:1:      lightli_molten_gateway, layout_loops_ring,
          dilly_ecumenical_altar_fadedgnrine, kennysheep_minor_cross,
          serial_bayou_pond_c, bh_walls_and_bars
D:2:      layout_loops_ring, kennysheep_generic_room_15, uniq_robin
D:3:      layout_loops_ring, minmay_misc_feat_doors, minmay_stone_trees_medium
D:4:      layout_basic, minmay_temple_entry_water_ring
Temple:   mainiacjoe_temple_bowtie_tessellation

Skill      XL: |  1  2  3  4  5  6 |
---------------+-------------------+-----
Dodging        | 1 2 |  2.4
Armour         | 2 3 |  3.1
Polearms       | 1 |  1.4
Stealth        | 1 |  1.2
Spellcasting   | 1 |  1.4
Fighting       | 4 |  4.1
Axes           | 4 |  4.1
Alchemy        | |  0.5

Action                     |  1- 3 |  4- 6 || total
---------------------------+-------+-------++-------
  Melee: Dagger            |    40 |       ||    40
         Hand axe          |    54 |    77 ||   131
         Spear             |    17 |    91 ||   108
    Use: Scroll            |       |     7 ||     7
         Potion            |       |     5 ||     5
   Stab: Sleeping          |     2 |     2 ||     4
         Invisible         |       |     1 ||     1
 Armour: Leather armour    |    43 |    39 ||    82
  Dodge: Dodged            |    42 |    56 ||    98

Table legend: (Time is in decaauts)
 A = Elapsed time spent in this place.
 B = Non-inter-level travel time spent in this place.
 C = Inter-level travel time spent in this place.
 D = Time resting spent in this place.
 E = Time spent auto-exploring this place.
 F = Levels seen in this place.
 G = Mean time per level.
                   A        B        C        D        E       F      G
               +--------+--------+--------+--------+--------+-----+--------+
         Total |   2939 |   2735 |    204 |     81 |   2133 |   5 |  587.8 |
       Dungeon |   2930 |   2727 |    203 |     81 |   2133 |   4 |  732.5 |
        Temple |      8 |      8 |      0 |      0 |      0 |   1 |    8.0 |
               +--------+--------+--------+--------+--------+-----+--------+

Top non-repeatable levels by time:
     D:1: 1233 daAuts
     D:3: 626 daAuts
     D:2: 603 daAuts
     D:4: 466 daAuts
  Temple: 8 daAuts
